[Event "Summer Chess Classic-B 2022"]
[Site "Saint Louis"]
[Date "2022.06.07"]
[Round "6.3"]
[White "Burke, John M"]
[Black "Zhou, Jianchao"]
[Result "1/2-1/2"]
[ECO "B90"]
[WhiteElo "2579"]
[BlackElo "2589"]
[Annotator "TA"]
[PlyCount "140"]
[EventDate "2022.05.31"]
[EventType "tourn"]
[EventCountry "USA"]
[SourceTitle "playchess.com"]
[Source "ChessBase"]
[SourceQuality "1"]
[TimeControl "40/5400+30:1800+30"]

1. e4 c5 2. Nf3 d6 3. d4 cxd4 4. Nxd4 Nf6 5. Nc3 a6 6. Be3 e5 7. Nb3 Be6 8. f3 Be7 9. Qd2 O-O 10. O-O-O Nbd7 11. g4 b5 12. g5 Nh5 13. Kb1 {[%emt 0:00:59] B90: Sicilian Najdorf: Unusual White 6th moves, 6 Be3 Ng4 and 6 Be3 e5.} Nb6 14. Na5 Qc7 {[%emt 0:01:54][%cal Oh5f4] Prevents Nc6.} 15. h4 Rac8 {[%emt 0:08:53] [#]} 16. Nd5 $146 ({Predecessor:} 16. a3 g6 17. Nd5 Nxd5 18. exd5 Bxd5 19. Qxd5 Qxa5 20. Bd3 Qc7 21. c4 bxc4 22. Rc1 {½-½ (48) Pessoa,F (2501)-Nekhaev,A (2489) ICCF email 2018}) 16... Nxd5 17. exd5 Bxd5 18. Qxd5 {[%emt 0:01:18] [#] Hoping for Nb3.} Qxa5 19. Bd3 Qc7 20. Bf5 Rce8 21. Bg4 {[%emt 0:07:00] This bishop pair is nice.} Nf4 22. Bxf4 exf4 23. Rhe1 Bd8 24. Qd4 Rxe1 25. Rxe1 Qc6 26. a3 f5 27. gxf6 Bxf6 28. Qxf4 Qc5 29. h5 a5 30. Rd1 Qe5 {[%emt 0:10:49] Against Be6+} 31. Qxe5 {[%emt 0:00:18] Active counter play!} Bxe5 $16 {[%emt 0:00:11][%mdl 4096] Endgame KRB-KRB} 32. Be6+ Kh8 33. Rd5 Rb8 34. Bd7 b4 35. a4 Ra8 36. Bc6 Ra6 {[%emt 0:01:54] [#]} 37. Rb5 $1 Kg8 38. Bd5+ Kf8 39. Rb7 h6 40. Ka2 Bd4 41. Kb3 Ra7 42. Rb5 (42. Rxa7 $1 $14 Bxa7 43. Kc4) 42... Ke7 $11 43. c3 bxc3 44. bxc3 Be5 45. Bb7 Kf6 46. Kc4 g6 47. hxg6 Kxg6 48. Kd3 h5 49. c4 h4 50. Ke3 Bh2 51. Kf2 h3 52. Bc8 Rc7 53. Bf5+ Kf6 54. Rxa5 Rxc4 55. Bxh3 d5 56. Ra8 Rc2+ 57. Ke3 Bg1+ 58. Kd3 Ra2 59. a5 Ke5 60. a6 Ra3+ 61. Ke2 d4 62. Kf1 Ra1+ {[%emt 0:00:49] The position is equal.} 63. Kg2 d3 $1 64. Rd8 Bd4 65. Re8+ Kf6 66. Re6+ Kg7 {[%emt 0:00:33] ( -> ...d2)} 67. Rd6 Ra2+ 68. Kf1 Ra1+ 69. Kg2 {[%emt 0:00:03] Strongly threatening Rd7+.} Ra2+ 70. Kf1 {[%emt 0:00:03] Rd7+ is the strong threat.} Ra1+ {[%emt 0:00:12] Weighted Error Value: White=0.07 (flawless) /Black=0.05 (flawless)} 1/2-1/2

[Event "Summer Chess Classic-B 2022"]
[Site "Saint Louis"]
[Date "2022.06.07"]
[Round "6.4"]
[White "Ali Marandi, Cemil Can"]
[Black "Dragun, Kamil"]
[Result "1/2-1/2"]
[ECO "D41"]
[WhiteElo "2532"]
[BlackElo "2571"]
[Annotator "TA"]
[PlyCount "217"]
[EventDate "2022.05.31"]
[EventType "tourn"]
[EventCountry "USA"]
[SourceTitle "playchess.com"]
[Source "ChessBase"]
[SourceQuality "1"]
[TimeControl "40/5400+30:1800+30"]

1. d4 Nf6 2. c4 e6 3. Nf3 d5 4. Nc3 c5 5. cxd5 cxd4 6. Qxd4 exd5 7. e4 dxe4 8. Qxd8+ Kxd8 9. Ng5 Be6 10. Nxe6+ fxe6 11. Bg5 h6 12. O-O-O+ Ke7 13. Bxf6+ gxf6 14. Nxe4 f5 15. Ng3 h5 16. Bc4 Nd7 17. Kb1 Ne5 18. Bb3 Kf6 19. Rhe1 Re8 20. f4 Ng6 21. Ne2 Bb4 22. Rf1 Bc5 23. Nc1 Rd8 24. g3 h4 25. Rfe1 e5 26. Nd3 Bd6 27. fxe5+ Bxe5 28. Re3 hxg3 29. hxg3 Rh3 30. Rf1 Rd4 (30... Rxg3 $2 31. Nxe5 $1 Rxe3 32. Ng4+ Kg5 33. Nxe3 $18) 31. Ref3 Rh5 32. Bc2 Ne7 33. Nf2 (33. Re3 $16 Bd6 34. g4) 33... Ke6 $11 34. Re1 Nc6 35. Nd3 Kf6 36. Nf2 Ke6 37. a3 a5 (37... Rd2 $11 {keeps the balance.} 38. Nd3 Kd6) 38. Nd3 $16 Kd6 39. Nxe5 Nxe5 40. Rxf5 (40. Rb3 {feels hotter.} Rd2 41. Rxb7 Nf3 42. Re3) 40... Rxf5 41. Bxf5 Rd2 42. Bc2 Rf2 43. Rd1+ Kc5 44. Rc1 Kd4 45. Rd1+ Kc5 $1 46. Bb3 Nc4 47. Bxc4 Kxc4 48. Rc1+ Kb3 49. Rc3+ Ka4 50. Rc2 Rf1+ 51. Ka2 Rg1 52. b3+ Kb5 53. a4+ Ka6 54. Rc3 b5 55. Rf3 Rg2+ 56. Kb1 bxa4 57. bxa4 Kb6 58. Rc3 Kb7 59. Kc1 Kb6 60. Kd1 Kb7 61. Ke1 Kb6 $1 62. Kf1 Rb2 $1 63. Rc4 Rb4 64. Rf4 Rb2 $2 {[%emt 0:03:12][%mdl 8192] [#]} (64... Rb1+ $11 65. Kg2 Kc6) 65. g4 $1 $18 Kc5 {[%emt 0:00:47] [#]} 66. g5 $1 Kd5 67. g6 Rb8 68. Rf5+ Ke6 69. Rxa5 Kf6 70. Ra6+ Kg7 71. a5 Rb5 72. Ke2 Rd5 73. Ke3 Rb5 74. Kd4 Rg5 75. Kc4 (75. Ra8 $142 Kh6 76. a6 Rg4+ 77. Kd5 Rg5+ 78. Kd4 Rg4+ 79. Ke5 Rg5+ 80. Kd4) 75... Rg4+ $18 76. Kb5 Rg5+ 77. Kb6 $2 (77. Ka4 $18) 77... Rxg6+ $11 78. Kb7 Rg5 79. Ra8 Kh7 80. Ra7 ({Much less strong is} 80. a6 Rg7+ 81. Kc6 Rg6+ 82. Kd7 Rg7+ 83. Ke6 Rg6+ 84. Kd7 Rg7+ 85. Ke6 Rg6+ 86. Ke5 Rg5+ 87. Kf6 Rg6+ 88. Kf7 Rg7+ 89. Ke6 $18) 80... Kh6 81. a6 $2 ({White should play} 81. Kb6 $18 {White wants to mate with Rc7.} Rg6+ 82. Kc5 Rg5+ 83. Kd4) 81... Rg7+ $1 $11 82. Kb8 Rg8+ 83. Kc7 Rg7+ 84. Kb6 Rg6+ 85. Kb5 Rg5+ 86. Kc4 Rg4+ 87. Kd5 Rg5+ 88. Ke6 Rg6+ $1 89. Kf5 Rg5+ 90. Kf4 Rg6 91. Ra8 Kh7 92. Kf5 Rb6 93. Kg5 Rg6+ 94. Kh5 Rh6+ 95. Kg4 Rg6+ 96. Kf4 Rf6+ 97. Ke5 Rg6 98. Kd5 Rg5+ 99. Kc6 Rg6+ $1 100. Kb5 Rg5+ 101. Kc4 Rg4+ 102. Kd3 Rg3+ 103. Ke4 Rg6 $1 104. Ra7+ $1 Kh6 105. Kf4 Rf6+ 106. Ke5 Rg6 107. Rd7 Rxa6 108. Rd6+ $1 Rxd6 109. Kxd6 1/2-1/2

[Event "Summer Chess Classic-B 2022"]
[Site "Saint Louis"]
[Date "2022.06.07"]
[Round "6.5"]
[White "Vazquez, Guillermo"]
[Black "Checa, Nicolas"]
[Result "1/2-1/2"]
[ECO "D94"]
[WhiteElo "2557"]
[BlackElo "2533"]
[Annotator "TA"]
[PlyCount "81"]
[EventDate "2022.05.31"]
[EventType "tourn"]
[EventCountry "USA"]
[SourceTitle "playchess.com"]
[Source "ChessBase"]
[SourceQuality "1"]
[TimeControl "40/5400+30:1800+30"]

1. d4 d5 2. c4 c6 3. Nc3 Nf6 4. e3 g6 5. Nf3 Bg7 6. Be2 O-O 7. O-O Bg4 {[%emt 0:03:11] 7...a6 is the modern continuation.} 8. cxd5 cxd5 9. Qb3 b6 {[%emt 0:07:32] D94: Grünfeld: 4 Nf3 Bg7 5 e3.} 10. Bd2 Ne4 {[%emt 0:10:12] [#] Strongly threatening ...Bxf3.} 11. Qc2 $146 ({Predecessor:} 11. Be1 Nc6 12. h3 Bf5 13. Bb5 Rc8 14. Qxd5 Nd6 15. Be2 Na5 16. Ne5 Rxc3 17. Bxc3 {1-0 (31) Carlsen,M (2862)-Artemiev,V (2708) Chess.com INT 2020}) 11... Nxd2 12. Nxd2 Bxe2 13. Nxe2 Nd7 14. Rac1 e5 15. dxe5 {[%emt 0:03:54] f4 is the strong threat.} Nxe5 16. Nd4 (16. Nb1 $14) 16... Rc8 $11 {[%emt 0:02:21] The position is equal.} 17. Qa4 Qe7 18. h3 Rxc1 (18... Nd3 $2 19. Rxc8 Rxc8 20. Qa6 $18) 19. Rxc1 Nd3 20. Rf1 Nxb2 21. Qb3 Bxd4 22. exd4 Nc4 23. Nxc4 dxc4 24. Qxc4 {[%emt 0:00:03][%mdl 4096] Endgame KQR-KQR} Rd8 25. Rd1 Qe4 26. Qc7 Rd5 27. Qxa7 Rxd4 28. Rxd4 Qxd4 {[%emt 0:00:24] KQ-KQ} 29. g3 h5 30. h4 $1 Kg7 31. Qb7 Qa1+ 32. Kg2 Qxa2 {[%emt 0:00:09] [#] Threatens to win with ...Qb2.} 33. Qxb6 Qd5+ 34. Kg1 Qd1+ 35. Kg2 Qd5+ 36. Kg1 $1 Qd1+ 37. Kg2 Qd5+ 38. Kh2 Qf3 39. Qd4+ Qf6 40. Qe3 Qf5 41. Qd4+ {[%emt 0:30:07] Weighted Error Value: White=0.03 (flawless) /Black=0.01 (flawless)} 1/2-1/2

[Event "Summer Chess Classic-B 2022"]
[Site "Saint Louis"]
[Date "2022.06.08"]
[Round "7.1"]
[White "Dragun, Kamil"]
[Black "Vazquez, Guillermo"]
[Result "1/2-1/2"]
[ECO "E32"]
[WhiteElo "2571"]
[BlackElo "2557"]
[Annotator "TA"]
[PlyCount "60"]
[EventDate "2022.05.31"]
[EventType "tourn"]
[EventCountry "USA"]
[SourceTitle "playchess.com"]
[Source "ChessBase"]
[SourceQuality "1"]
[TimeControl "40/5400+30:1800+30"]

1. d4 Nf6 2. c4 e6 3. Nc3 Bb4 4. Qc2 O-O 5. e4 d5 6. e5 Ne4 7. Bd3 c5 $1 {[%emt 0:00:17] The position is equal.} 8. Nf3 {[%emt 0:00:26] E32: Nimzo-Indian: Classical (4 Qc2): 4...0-0.} cxd4 9. Nxd4 Nd7 10. Bf4 Qh4 11. g3 Qh5 12. O-O Bxc3 13. bxc3 g5 $1 (13... Nxe5 14. Be2 Ng4 15. Bxg4 Qxg4 16. f3 $16) 14. cxd5 exd5 15. Be3 {[%emt 0:00:18][%cal Bf4e3,Be3d4,Bd4c5][%mdl 32] f3 is the strong threat.} Nxe5 16. f3 {[%emt 0:00:55] Prevents Bg4.} (16. Bxe4 dxe4 17. Qxe4 Re8 $11) 16... Nc5 17. Bf5 Ne6 $1 {[%emt 0:01:14][%mdl 4] is more profitable than 17...f6 at the moment.} 18. Rae1 Nxd4 19. Bxd4 {[%emt 0:00:09] This bishop pair is nice.} Nc6 20. Bc5 Bxf5 21. Qxf5 Rfe8 {[%emt 0:00:21] [#]} 22. Rxe8+ $146 ({Predecessor:} 22. f4 Rxe1 23. Rxe1 h6 24. Qd7 Qg6 25. fxg5 hxg5 26. Bd4 Nxd4 {½-½ (26) Vaillant,F (2332)-Dorer,M (2344) ICCF email 2018}) 22... Rxe8 23. Qd7 Re2 {[%emt 0:03:47][%csl Ge2,LRa2,LRh2][%cal Rh5h2] [#]} 24. Qc8+ (24. h4 h6 25. Qf5 (25. Qxb7 gxh4 26. Qc8+ Kg7 $17) 25... Qg6 26. Qxg6+ fxg6 $17) 24... Kg7 25. Qf8+ Kg6 26. Qg8+ ({Much worse is} 26. h4 gxh4 27. g4 (27. Qg8+ Kf6 $17) 27... Qh6 28. Qd6+ Re6 29. Qxd5 Qf4 $17) 26... Kf6 27. Qh8+ Kg6 {[%emt 0:00:13][%csl Ge2][%cal Rh5h2] [#]} 28. Qg8+ Kf6 29. Qh8+ Kg6 30. Qg8+ Kf6 {[%emt 0:00:13] An even fight not without its subleties.  Weighted Error Value: White=0.01 (flawless) /Black=0.00 (flawless)} 1/2-1/2

[Event "Summer Chess Classic-B 2022"]
[Site "Saint Louis"]
[Date "2022.06.08"]
[Round "7.2"]
[White "Checa, Nicolas"]
[Black "Harutyunyan, Tigran K."]
[Result "1/2-1/2"]
[ECO "D41"]
[WhiteElo "2533"]
[BlackElo "2550"]
[Annotator "TA"]
[PlyCount "119"]
[EventDate "2022.05.31"]
[EventType "tourn"]
[EventCountry "USA"]
[SourceTitle "playchess.com"]
[Source "ChessBase"]
[SourceQuality "1"]
[TimeControl "40/5400+30:1800+30"]

1. d4 Nf6 2. c4 e6 3. Nc3 d5 4. cxd5 Nxd5 5. e4 Nxc3 6. bxc3 c5 7. Nf3 cxd4 8. cxd4 Bb4+ 9. Bd2 Bxd2+ 10. Qxd2 O-O 11. Rc1 b6 {[%emt 0:02:09] D41: Queen's Gambit Declined: Semi-Tarrasch with 5 cxd5.} 12. Bd3 Bb7 13. O-O Nd7 14. Qf4 h6 15. e5 Rc8 16. Nd2 {[%emt 0:01:24] [#]} Nc5 $1 17. Bc4 {[%emt 0:08:24] [#]} (17. Be2 Ba6) 17... b5 $146 (17... Na4 $11) ({Predecessor:} 17... Na6 18. Bb3 Nb4 {½-½ (18) Zakhartsov,V (2544)-Krykun,Y (2325) Riga 2018}) 18. Bxb5 $14 ({Don't play} 18. dxc5 bxc4 19. Nxc4 Rxc5 $11) 18... Qd5 19. Nf3 (19. f3 $14 Nb3 20. Nxb3 (20. axb3 Qxb5 21. Qe3 Bd5 $16) 20... Rxc1 21. Rxc1 Qxb5 22. Qd2) 19... Ne4 $11 20. Bd3 Ng5 $40 {[%emt 0:02:57][%mdl 128] White needs to defend precisely.} 21. h4 {[%emt 0:06:41] [#]} Qxf3 $1 22. Qxf3 ({Not} 22. Bh7+ $2 Kxh7 23. Qxf3 Nxf3+ $19) 22... Nxf3+ 23. gxf3 Bxf3 24. Ba6 ({White should play} 24. Kh2 $15) 24... Rcd8 $17 25. Rc3 Bh5 26. Rfc1 Rxd4 27. Rc4 Rfd8 28. Kg2 Rxc4 29. Rxc4 {[%emt 0:00:08][%mdl 4096] Endgame KRB-KRB} Rd5 30. Rc7 Rxe5 31. Rxa7 Bg6 32. f3 Ra5 33. Ra8+ Kh7 34. Bb7 Rb5 35. Ra7 Rb4 36. Kg3 Bc2 {[%emt 0:01:51] Inhibits a4.} (36... Bh5 $15) 37. h5 (37. Bc6 $11 {remains equal.}) 37... Rb5 38. Bc6 Rxh5 39. Rxf7 Rg5+ 40. Kf4 {[%emt 0:01:42] [#]} (40. Kf2 $142) 40... Ra5 (40... Rc5 $142 $1 41. Bd7 e5+ 42. Kg3 h5) 41. Re7 e5+ 42. Kg3 Rc5 43. Be8 (43. Bd7 $142) 43... Bg6 44. Ba4 h5 45. Bb3 Bf5 46. a4 Kh6 47. Rb7 e4 {[%emt 0:02:22] ...Rc3 is the strong threat.} 48. Rb5 Rc3 49. Rxf5 {[%emt 0:00:00] aiming for Bd5.} Rxb3 {[%emt 0:00:06] KR-KR} 50. Rf4 exf3 (50... e3 $17 51. Re4 Ra3) 51. Rxf3 $11 {[%emt 0:00:00] The position is equal.} Rb2 {[%emt 0:00:54] Hoping for ...Ra2.} 52. Ra3 {[%emt 0:00:00] Prevents Ra2.} g5 {[%emt 0:04:36] And now ...h4+ would win.} 53. a5 h4+ 54. Kf3 Kh5 55. a6 g4+ 56. Kf4 $1 {[%emt 0:00:00] Intending a7 and mate.} Rf2+ 57. Ke5 {[%emt 0:00:00] White wants to mate with a7.} Rf8 58. a7 Ra8 59. Kf4 g3 60. Kf3 {[%emt 0:02:27] And White is the lucky defender.  Weighted Error Value: White=0.15 (very precise) /Black=0.11 (very precise)} 1/2-1/2

[Event "Summer Chess Classic-B 2022"]
[Site "Saint Louis"]
[Date "2022.06.08"]
[Round "7.3"]
[White "Zhou, Jianchao"]
[Black "Ali Marandi, Cemil Can"]
[Result "1/2-1/2"]
[ECO "D33"]
[WhiteElo "2589"]
[BlackElo "2532"]
[Annotator "TA"]
[PlyCount "221"]
[EventDate "2022.05.31"]
[EventType "tourn"]
[EventCountry "USA"]
[SourceTitle "playchess.com"]
[Source "ChessBase"]
[SourceQuality "1"]
[TimeControl "40/5400+30:1800+30"]

1. d4 d5 2. c4 e6 3. Nc3 c5 4. cxd5 exd5 5. Nf3 Nc6 6. g3 Nf6 7. Bg2 cxd4 8. Nxd4 Bc5 9. Nb3 Bb6 10. Na4 O-O 11. Nxb6 axb6 12. Be3 h5 13. O-O h4 14. gxh4 Qd6 15. Qd2 Ra4 16. Nd4 Re8 17. Bf4 Qb4 18. Qxb4 Rxb4 19. e3 Nxd4 20. exd4 Rxb2 21. Rfb1 Rxb1+ 22. Rxb1 Bf5 23. Ra1 Re2 24. f3 Nh5 25. Bc7 b5 26. Bf1 Rb2 27. Re1 Nf6 28. a3 b4 29. axb4 Rxb4 30. Rd1 b5 31. Kf2 Rb2+ 32. Ke3 Ne8 33. Bf4 g6 34. Bd3 Ng7 35. Be5 Rb3 36. Ke2 Bxd3+ 37. Rxd3 Rxd3 38. Kxd3 Nf5 39. Bg3 Kf8 40. Kc3 Ke7 41. Bf2 Kd6 42. Kb4 Kc6 43. Ka5 Nd6 $1 44. Be1 Nc4+ 45. Ka6 Ne3 46. Ka5 Nf1 47. h3 $2 (47. f4) 47... Nh2 $19 48. f4 Nf3 49. Bf2 f5 $1 50. Be3 Ne1 $2 (50... Nxh4 $19 {is more deadly.} 51. Bf2 Nf3) 51. Bd2 $2 (51. Bc1 $17) 51... Nd3 $19 52. Be3 Nb2 $1 ({Not} 52... b4 53. Ka4 $11) 53. Bf2 Nc4+ 54. Kb4 Kb6 $1 55. h5 gxh5 56. Bh4 Kc6 (56... Ne3 $142 $1 57. Bd8+ Kc6) 57. Bg5 (57. Be1 {was forced.}) 57... Nb6 $2 (57... Ne3 $1 $19 {Threatens to win with ...Nc2+.} 58. Ka5 Nc2) 58. h4 Nd7 59. Be7 $1 Nb8 60. Ka5 Kd7 61. Bb4 Kc6 62. Be7 Nd7 63. Bd8 $2 (63. Kb4 $11) 63... Nf8 $1 $19 64. Bf6 Ng6 ({Black should try} 64... Ne6 $17 65. Be5 Nd8) 65. Bg5 $15 Nh8 66. Be7 Nf7 ({Reject} 66... Ng6 $6 67. Bg5 $17) 67. Bf8 $2 (67. Kb4 $11) 67... Nd8 $19 68. Bg7 Nb7+ $1 ({Stronger than} 68... Ne6 69. Be5 $17) 69. Kb4 Nd6 $2 (69... Kb6 $1 $19 {And now ...Nd6 would win.} 70. Bf6 Nd6) 70. Be5 Nc4 (70... Ne4 $17 71. Ka5 Nf2) 71. Bf6 $11 Nd2 72. Bg7 $2 (72. Be7 $11) 72... Nf3 $2 (72... Kb6 $1 $19 73. Bf6 Ne4) 73. Bf6 $11 Ne1 74. Bg5 $2 (74. Ka5 $11) 74... Nf3 $2 ({Black should play} 74... Kb6 $1 $19 75. Kb3 Ka5) 75. Bf6 $11 Ng1 76. Be5 $2 {[%emt 0:01:06][%mdl 8192] [#]} (76. Ka5 $11) 76... Ne2 $2 (76... Kb6 $1 $19 {and Black stays clearly on top. Hoping for ...Ne2.} 77. Bf6 Ne2) 77. Ka5 $17 Nc1 78. Bf6 {[%emt 0:00:45] [#]} Nd3 (78... b4 $1 $17 {[%cal Rb4b3] ( -> ...b3)} 79. Kxb4 Nd3+ 80. Kc3 Nxf4) 79. Bg5 $1 $11 b4 80. Ka4 Nc1 81. Kxb4 Ne2 82. Ka4 Nxd4 83. Kb4 $1 Ne6 84. Bh6 Kd6 85. Kb5 Nd4+ 86. Kb4 Kc6 (86... Nf3 $5 87. Bg5 Nxg5 88. fxg5 f4 $17) 87. Bg5 $1 Nb5 88. Bh6 Nd4 89. Bg5 $1 Nb5 90. Bh6 Nd6 91. Kc3 $1 Nf7 92. Bg5 Kd6 (92... Nh8 $1 $15 {is superior.}) 93. Kd4 Ke6 94. Kc5 Nd6 95. Kd4 Nb5+ 96. Kc5 Nc3 97. Kd4 Ne4 98. Bh6 Nd2 99. Kc5 (99. Kd3 $17 Nf3 100. Bg5) 99... Nb3+ 100. Kb4 Nd4 101. Kc5 Nc2 102. Bg5 Na3 103. Bh6 Nb1 104. Bg5 $1 Nd2 105. Bh6 $1 Nf3 106. Bg5 d4 107. Kc4 Kd6 108. Bf6 Ke6 109. Bg5 Kd6 110. Bf6 Ke6 111. Bg5 1/2-1/2

[Event "Summer Chess Classic-B 2022"]
[Site "Saint Louis"]
[Date "2022.06.08"]
[Round "7.5"]
[White "Antipov, Mikhail Al."]
[Black "Yoo, Christopher Woojin"]
[Result "1/2-1/2"]
[ECO "B13"]
[WhiteElo "2592"]
[BlackElo "2535"]
[Annotator "TA"]
[PlyCount "148"]
[EventDate "2022.05.31"]
[EventType "tourn"]
[EventCountry "USA"]
[SourceTitle "playchess.com"]
[Source "ChessBase"]
[SourceQuality "1"]
[TimeControl "40/5400+30:1800+30"]

1. e4 c6 2. d4 d5 3. exd5 cxd5 4. Bd3 Nc6 5. c3 e6 6. Nf3 {[%emt 0:00:10] B13: Caro-Kann: Exchange Variation and Panov-Botvinnik Attack.} Bd6 7. O-O Nge7 8. Re1 {[%emt 0:01:20] White is slightly better.} O-O 9. b3 f6 10. c4 {[%emt 0:01:54] [#]} dxc4 $146 ({Predecessor:} 10... Bd7 11. Nc3 Rc8 12. Bb2 h6 13. Rc1 Bf4 14. Ra1 Bb8 15. Qd2 Qc7 16. Rac1 Qf4 17. Qxf4 Bxf4 {0-1 (77) Gukesh,D (2563)-Wojtaszek,R (2719) Chess.com INT 2020}) 11. Bxc4 Kh8 12. Ba3 Nd5 13. Bxd6 Qxd6 14. Nbd2 b6 15. Qe2 Re8 16. Qe4 Re7 17. Qh4 ({Much weaker is} 17. Bd3 g5 18. Bf1 Bb7 $15) (17. Rac1 $5 Qd7 18. Bd3 $11) 17... Ncb4 18. a3 Nc6 $1 19. Ne4 Qd8 20. Bd3 h6 21. Qg3 e5 (21... Rd7 $11 {remains equal.}) 22. Nh4 {[%emt 0:07:13] [#] aiming for Ng6+.} Nxd4 (22... Nf4 $2 23. Ng6+ Nxg6 24. Qxg6 $18) 23. Ng6+ Kg8 24. Nxe7+ Qxe7 25. Bc4 Be6 26. Rad1 (26. Nc3 $1 $14 Nc7 27. Qd3) 26... Rd8 $1 $11 27. Nc3 Nf4 $1 {[%emt 0:00:40] White must now prevent ...Bxc4. Pair of Knights!} (27... Qxa3 {[#]} 28. Rxd4 $1 exd4 29. Nb5 $16) 28. Bxe6+ Qxe6 29. Qxf4 exf4 $17 30. Rxe6 Nxe6 31. Rxd8+ Nxd8 $11 {[%emt 0:00:05][%mdl 4096] Endgame KN-KN} 32. Nd5 Ne6 33. Ne7+ Kf8 34. Nc8 Nd4 35. Nxa7 Nxb3 36. Kf1 Na5 (36... Nd4 $17 {Threatens to win with ...b5.} 37. a4 f3) 37. Ke2 $15 Kf7 (37... Nc4 $17) 38. Kd3 $1 $14 Nb7 39. Kc4 (39. Nc8 $14) 39... Ke6 $11 40. Kb5 Nd6+ 41. Kxb6 Nc4+ 42. Kc5 Nxa3 {[%emt 0:00:04] Hoping for ...Nc2.} 43. Nc6 g5 (43... h5 $15) 44. Nd4+ (44. f3 $1 $11) 44... Ke5 $15 45. f3 $1 f5 46. Nc6+ Kf6 {[%emt 0:00:22] ...Nc2 is the strong threat.} 47. Nb4 {[%emt 0:00:38] Prevents Nc2.} Nb1 (47... Ke6 $17) 48. Kd4 $11 {[%emt 0:03:27] The position is equal.} Nd2 49. Nd5+ $1 Ke6 50. Nc7+ Kf7 51. Nd5 Nf1 52. h4 Ke6 53. hxg5 hxg5 54. Nc7+ $1 Kf7 55. Nd5 Kg6 56. Ne7+ Kf6 57. Nd5+ Ke6 58. Nc7+ $1 Kd6 59. Nb5+ Kc6 60. Nc3 Kd6 61. Nb5+ Ke7 62. Ke5 Ne3 63. Nd4 Kf7 64. Nxf5 Nxg2 65. Nd4 Nh4 66. Ne2 Nxf3+ 67. Kf5 Nh4+ 68. Kxg5 f3 69. Ng3 Ng2 70. Kg4 Ne1 71. Kf4 Ke6 72. Ke3 Ke5 73. Nf1 Kf5 74. Nh2 Ke5 {[%emt 0:00:22] Weighted Error Value: White=0.11 (very precise) /Black=0.14 (very precise)} 1/2-1/2

[Event "Summer Chess Classic-B 2022"]
[Site "Saint Louis"]
[Date "2022.05.09"]
[Round "8.1"]
[White "Burke, John M"]
[Black "Antipov, Mikhail Al."]
[Result "0-1"]
[ECO "C54"]
[WhiteElo "2579"]
[BlackElo "2592"]
[Annotator "TA"]
[PlyCount "112"]
[EventDate "2022.05.31"]
[EventType "tourn"]
[EventCountry "USA"]
[SourceTitle "playchess.com"]
[Source "ChessBase"]
[SourceQuality "1"]
[TimeControl "40/5400+30:1800+30"]

1. e4 e5 2. Nf3 Nc6 3. Bc4 Bc5 4. c3 Nf6 5. d3 d6 6. O-O O-O 7. Re1 Bb6 {[%emt 0:06:34] C54: Giuoco Piano: 4 c3 Nf6, main lines with 5 d4 and 5 d3.} 8. h3 h6 9. a4 a5 {[%emt 0:00:05] The position is equal.} 10. Bb3 Be6 11. Nbd2 Re8 {[%emt 0:04:02] [#]} 12. Bc2 $146 ({Predecessor:} 12. Bxe6 Rxe6 13. Nc4 Ba7 14. Be3 Bxe3 15. Nxe3 d5 16. exd5 Nxd5 17. Qb3 Nf4 18. Rad1 {0-1 (83) Sadhwani,R (2545)-Diaz Perez,M (2459) Chess.com INT 2020}) 12... d5 13. Nf1 d4 14. Ng3 Qd6 15. Bd2 Kh7 16. Qe2 Rad8 17. Kh1 Nd7 18. Rad1 Bc5 (18... Nc5 {with more complications.} 19. b4 Nb3 20. Nf5 Qf8) 19. Rf1 Qf8 20. Nh2 b6 21. Nf5 f6 22. h4 Qf7 23. g4 Nf8 (23... Bf8 $142) 24. Rg1 $11 Ng6 25. Qf3 Nf4 (25... Rg8 $11) 26. g5 Bxf5 {[%emt 0:06:14] Active counter play!} 27. exf5 {[%emt 0:00:04] Black must now prevent g6+.} Qd5 28. Qxd5 Rxd5 29. Bb3 Rd6 (29... Rdd8 $11) 30. gxh6 ({White should try} 30. Bxf4 $16 exf4 31. Kg2) 30... gxh6 31. Bf7 Re7 32. Bg6+ Kh8 33. Bxf4 exf4 34. Ng4 (34. c4 $11) 34... h5 $1 $36 {[%emt 0:00:53][%mdl 2048] Black is on the roll. White is now going downhill.} 35. Nh2 ({Don't blunder} 35. Bxh5 $2 Rh7 36. Bg6 Rxh4+ 37. Nh2 Ne5 $19) (35. Nh6 $17 {is the only way for White.} Ne5 36. b4 axb4 37. cxb4 Bxb4 38. Bxh5) 35... dxc3 $19 36. bxc3 Bxf2 37. Rg2 Bxh4 38. Bxh5 Bg3 39. Bf3 Ne5 40. Be4 Nc4 41. Rc1 Ne3 42. Rb2 {[%emt 0:00:06] [#]} Nd1 $1 43. Rxd1 {[%emt 0:03:22] Rc1 is the strong threat.} Rxe4 $1 {[%emt 0:00:09][%mdl 64] Pin} 44. Nf1 (44. Kg2 $142) 44... Re1 ({Wrong is} 44... Rxa4 $2 45. d4 $19) 45. Rbb1 Re2 46. d4 Rd7 47. Rd2 Rh7+ 48. Kg1 Bh2+ 49. Kh1 Bg3+ 50. Kg1 Rxd2 51. Nxd2 {[%emt 0:00:04][%mdl 4096] Endgame KRB-KRN} Rh2 52. Ne4 Ra2 53. Nxf6 $2 {[%emt 0:01:25] [#]} (53. Rf1) 53... f3 $1 {[%emt 0:00:54] ( -> ...Rg2+). Black is clearly winning.} 54. Ng4 Rg2+ 55. Kh1 (55. Kf1 $142 Bf4 56. Ne5) 55... Bf4 56. Rg1 b5 {[%emt 0:01:20] Weighted Error Value: White=0.42/Black=0.18 (very precise)} 0-1